 Dungeon Crawl Stone Soup version 0.18-a0-5-gf1fb587 (webtiles) character file.

114 Raultor the Insei (level 4, -3/23 HPs)
             Began as a Vine Stalker Monk on Oct 31, 2015.
             Slain by an orc
             ... wielding a +2 flail of crushing
              (6 damage)
             ... on level 4 of the Dungeon.
             The game lasted 00:06:40 (1583 turns).

Raultor the Insei (Vine Stalker Monk)               Turns: 1583, Time: 00:06:40

Health: -3/23      AC:  4    Str: 13    XL:     4   Next: 98%
Magic:  0/5        EV:  8    Int: 10    God:
Gold:   81         SH:  0    Dex: 18    Spells: 0 memorised, 3 levels left

rFire  . . .     SeeInvis .       - Unarmed
rCold  . . .     Clarity  .     a - +0 robe
rNeg   . . .     SustAt   .     (no shield)
rPois  .         Gourm    .     (no helmet)
rElec  .         Spirit   +     q - +0 cloak
rCorr  .         Warding  .     n - +0 pair of gloves
rMut   .         Stasis   .     (no boots)
MR     .....                    (no amulet)
Stlth  ++........               (no ring)
                                (no ring)

@: not resistant to hostile enchantments, unstealthy
A: fangs 2, regeneration 1, magic shield, antimagic bite, no device heal 3, rot
immunity
a: no special abilities


You were on level 4 of the Dungeon.
You were not hungry.

You visited 1 branch of the dungeon, and saw 4 of its levels.

You collected 81 gold pieces.

Inventory:

Hand Weapons
 z - a +0 blowgun
Missiles
 h - 3 poisoned tomahawks
 m - a throwing net
 v - 4 steel tomahawks (quivered)
 y - 2 poisoned needles
Armour
 a - a +0 robe (worn)
 n - a +0 pair of gloves (worn)
 q - a +0 cloak (worn)
Rods
 u - a +3 rod of destruction (14/14)
   (You found it on level 3 of the Dungeon)
Jewellery
 p - an uncursed amulet of faith {unknown}
Scrolls
 e - a scroll of magic mapping {unknown}
 l - a scroll of fog {unknown}
 o - 2 scrolls of identify {unknown}
 t - a scroll of recharging {unknown}
 A - a scroll of remove curse {unknown}
Potions
 f - a potion of agility {unknown}
 i - 2 potions of resistance {unknown}
 j - a potion of curing {unknown}
 k - a potion of might {unknown}
 r - 2 potions of haste {unknown}
 s - a potion of brilliance {unknown}
 x - a potion of mutation {unknown}
Comestibles
 b - a bread ration
 c - 4 chunks of flesh
 d - a beef jerky
 g - 2 meat rations
 w - a royal jelly


   Skills:
 - Level 2.6 Fighting
 - Level 2.4 Dodging
 - Level 2.4 Stealth
 + Level 6.1 Unarmed Combat


You had 3 spell levels left.
You didn't know any spells.

Dungeon Overview and Level Annotations

Branches:
Dungeon (4/15)
 Temple: D:4-7

Altars:
Cheibriados
Gozag
Okawaru
Ru
Trog
Vehumet
Xom


Innate Abilities, Weirdness & Mutations

You have extremely sharp teeth.
Your natural rate of healing is unusually fast.
When hurt, damage is shared between your health and your magic reserves.
Your bite disrupts and absorbs the magic of your enemies.
Potions and wands cannot restore your health.
You are immune to rotting.


Message History

The orc hits you with a flail of crushing!
* * * LOW HITPOINT WARNING * * *
The orc barely misses you.
You hit the orc but do no damage. You bite the orc. You drain its power.
You feel invigorated.
The orc is moderately wounded.
The orc hits you with a flail of crushing.
* * * LOW HITPOINT WARNING * * *
x2
Found 14 gold pieces.
Found a stone staircase leading up.
A quokka comes into view.
A worker ant comes into view.
Found a scroll labeled TUOHYOSKAK.
The quokka barely misses you. The quokka bites you.
* * * LOW HITPOINT WARNING * * *
The quokka barely misses you.
There is a stone staircase leading up here.
The orc hits you with a flail of crushing!
You die...

.. .. ... ... #..# ....
......## #... #####...
... ...#
###..##....?#####..#.
.#
.....#.............##..
#.#.....a# #.#.....
#....@r..# #.......
##.#..o..# #.......
#.....o### ##....†..
##.$.....####....#...
.................####..
####........####.# ##
#...?.....# #.#
###.....#.# ..#
#######....##


You could see a worker ant (sleeping), 2 orcs and a quokka.

Vanquished Creatures
  A hound (D:4)
  A hound skeleton (D:4)
  2 adders
  An ooze (D:1)
  A giant gecko (D:1)
  A giant cockroach (D:3)
  4 hobgoblins
  8 jackals
  A quokka (D:3)
  2 ball pythons (D:1)
  11 bats
  4 giant newts
  3 goblins
  6 kobolds
  4 rats (D:1)
50 creatures vanquished.

Notes
Turn   | Place    | Note
--------------------------------------------------------------
     0 | D:1      | Raultor the Vine Stalker Monk began the quest for the Orb.
     0 | D:1      | Reached XP level 1. HP: 11/11 MP: 2/2
   134 | D:1      | Reached XP level 2. HP: 16/16 MP: 3/3
   584 | D:1      | Reached XP level 3. HP: 11/19 MP: 4/4
   831 | D:1      | Reached skill level 5 in Unarmed Combat
  1205 | D:2      | Found a shimmering altar of Xom.
  1289 | D:2      | You fall through a shaft!
  1390 | D:3      | Reached XP level 4. HP: 23/23 MP: 5/5
  1466 | D:3      | Found a radiant altar of Vehumet.
  1479 | D:3      | Found an opulent altar of Gozag.
  1482 | D:3      | Found an iron altar of Okawaru.
  1483 | D:3      | Found a bloodstained altar of Trog.
  1487 | D:3      | Found a sacrificial altar of Ru.
  1524 | D:3      | Found a snail-covered altar of Cheibriados.
  1549 | D:3      | You fall through a shaft!
  1558 | D:4      | Reached skill level 6 in Unarmed Combat
  1574 | D:4      | HP: 1/23 [orc/flail of crushing (1)]
  1583 | D:4      | Slain by an orc

Vault maps used:
D:1:      sevenhm_arrival_forest_fort_large_1
D:2:      lemuel_round_altar
D:3:      grunt_temple_overflow_open, lemuel_crystal_altar
D:4:      temple_green, minmay_misc_feat_columns, grunt_ministairs_14

Action                   |  1- 3 |  4- 6 || total
-------------------------+-------+-------++-------
Melee: Unarmed           |   108 |    22 ||   130
Throw: Tomahawk          |     1 |     3 ||     4
 Stab: Sleeping          |     7 |       ||     7
  Eat: Chunk             |     2 |       ||     2
